AoeStats
← Sab_Anubis

Baltic

510341719Analyzed
2v2 RM · 2d ago on Sep 30, 2026· 47m 42s· 4 players
Game mode
Random Map
Map size
Medium (4 player)
Population
200
Speed
Normal
Resources
Standard
Victory
Conquest
Starting age
Dark Age
Ending age
Imperial Age
RankedLock teamsTeams togetherTeam positionsShared explorationLock speedFull tech treeHidden civsTurbo modeCheats
Victory
Defeat
🇲🇽 Varangians · Mexico
1154
+15
🇪🇸 Lithuanians · Spain
1133
+15
🇷🇺 Italians · Russia
1127
-15
🇷🇺 Danes · Russia
1126
-15
ApiOne
8:08 Loom
10:50 Feudal Age
11:29 Man-at-Arms
12:01 Double-Bit Axe
16:50 Fletching
23:00 Castle Age
20:52 Fishing Lines
23:54 Crossbowman
25:51 Medium Warships
26:35 Wheelbarrow
26:02 Stone Mining
27:32 Bodkin Arrow
27:05 Pikeman
30:31 Padded Archer Armor
31:23 Sanctity
31:36 Leather Archer Armor
31:35 Gillnets
36:05 Hand Cart
36:58 Town Watch
38:10 Ballistics
38:34 Scale Barding Armor
41:45 Imperial Age
41:48 Bow Saw
42:14 Thumb Ring
43:25 Heavy Warships
45:56 Bracer
Sab_Anubis
12:22 Feudal Age
12:14 Loom
16:03 Arson
17:14 Forging
17:06 Scale Mail Armor
19:36 Castle Age
17:11 Man-at-Arms
18:07 Horse Collar
18:14 Double-Bit Axe
18:27 Fishing Lines
20:15 Wheelbarrow
20:19 Squires
20:29 Gambesons
22:20 Heavy Plow
22:59 Pikeman
30:41 Long Swordsman
33:02 Bow Saw
34:56 Elite Skirmisher
35:43 Thumb Ring
36:45 Fletching
36:58 Padded Archer Armor
38:21 Chain Mail Armor
38:03 Bodkin Arrow
43:42 Imperial Age
41:30 Hand Cart
41:11 Crossbowman
44:50 Halberdier
47:42 Conscription
OBrien11
0:45 Loom
12:45 Feudal Age
14:16 Wheelbarrow
14:37 Double-Bit Axe
23:12 Castle Age
21:23 Scale Barding Armor
21:21 Gold Mining
21:15 Horse Collar
22:25 Bloodlines
22:28 Forging
24:24 Stone Mining
24:53 Bow Saw
25:24 Husbandry
26:12 Heavy Plow
27:21 Chain Barding Armor
28:11 Iron Casting
29:14 Hand Cart
29:00 Fletching
30:24 Medium Warships
36:34 Imperial Age
36:35 Elite Leitis
37:38 Conscription
38:24 Plate Barding Armor
40:24 Chemistry
42:59 Demolition Ship
44:07 Heavy Warships
43:25 Fishing Lines
47:00 Ballistics
46:43 Bodkin Arrow
EDGAR_MAGNO_29
8:32 Loom
11:13 Feudal Age
11:44 Double-Bit Axe
13:28 Horse Collar
13:50 Fishing Lines
18:06 Castle Age
18:06 Scale Barding Armor
19:03 Bloodlines
19:00 Light Cavalry
20:04 Husbandry
25:03 Town Watch
41:29 Imperial Age
42:59 Fletching
43:21 Forging
Connection lost

Rejoining the realm…

Still unreachable

The connection could not be restored.

Session expired

The server has moved on; the page needs a fresh start.